 Dungeon Crawl Stone Soup version 0.30-b1-2-g02819fbbbe (webtiles) character file.

Game seed: 12996492149427942752

61161 Flugkiller the Protected (level 14, 133/133 HPs)
             Began as a Minotaur Fighter on May 17, 2023.
             Was a High Priest of Ru.
             Quit the game on level 15 of the Dungeon.
             The game lasted 00:22:19 (20540 turns).

Flugkiller the Protected (Minotaur Fighter)        Turns: 20540, Time: 00:22:19

Health: 133/133    AC: 30    Str: 32    XL:     14   Next: 59%
Magic:  13/13      EV:  6    Int:  5    God:    Ru [*****.]
Gold:   1573       SH: 13    Dex: 10    Spells: 13/13 levels left

rFire   . . .        B - +4 war axe (freeze)
rCold   . . .        R - +2 kite shield {reflect}
rNeg    . . .        u - +0 crystal plate armour
rPois   .            (helmet restricted)
rElec   .            F - +0 cloak
rCorr   +            I - +0 pair of gloves
SInv    .            (no boots)
Will    +....        (no amulet) Stlth
                     J - ring "Gasumad" {Contam rCorr Str+6 Slay+2, =R}
HPRegen 0.42/turn    p - +4 ring of protection
MPRegen 0.13/turn

%: reflection
@: no status effects
A: horns 2, inability to drink after injury 2, inability to use devices,
inability to train dodging, unskilled 1, retaliatory headbutt
a: Renounce Religion, Draw Out Power, Power Leap, Apocalypse


You were on level 15 of the Dungeon.
You worshipped Ru.
Ru was extremely pleased with you.
You visited 3 branches of the dungeon, and saw 21 of its levels.

You collected 1573 gold pieces.

Inventory:

Hand Weapons
 b - a +3 battleaxe
   (You took it off a wight on level 8 of the Dungeon)
 B - a +4 war axe of freezing (weapon)
   (You found it on level 8 of the Dungeon)
 Q - a +1 broad axe
   (You took it off a tengu warrior on level 13 of the Dungeon)
Missiles
 i - 5 javelins
 v - 4 curare-tipped darts (quivered)
 O - a throwing net
 S - 5 boomerangs
Armour
 u - a +0 crystal plate armour (worn)
   (You found it on level 5 of the Dungeon)
 F - a +0 cloak (worn)
   (You found it on level 1 of the Lair of Beasts)
 I - a +0 pair of gloves (worn)
   (You found it on level 5 of the Lair of Beasts)
 R - a +2 kite shield of reflection (worn)
   (You took it off a tengu warrior on level 13 of the Dungeon)
Jewellery
 a - a ring of fire
   (You found it on level 8 of the Dungeon)
 m - a ring of willpower
   (You found it on level 11 of the Dungeon)
 p - a +4 ring of protection (right hand)
   (You found it on level 13 of the Dungeon)
 D - a ring of positive energy
   (You found it on level 1 of the Dungeon)
 J - the ring "Gasumad" (left hand) {Contam rCorr Str+6 Slay+2, =R}
   (You found it on level 3 of the Lair of Beasts)

   [ring of strength]

   Str:       It affects your strength (+6).
   Slay:      It affects your accuracy & damage with ranged weapons and melee
   (+2).
   Contam:    It causes magical contamination when unequipped.
   rCorr:     It protects you from acid and corrosion.
 N - a ring of flight
   (You found it on level 4 of the Lair of Beasts)
Scrolls
 c - 2 scrolls of immolation
 e - 5 scrolls of enchant armour
 f - a scroll of brand weapon
 g - 3 scrolls of vulnerability
 o - 2 scrolls of enchant weapon
 s - 3 scrolls of fog
 t - 5 scrolls of teleportation
 x - a scroll of silence
 z - 5 scrolls of blinking
 A - 5 scrolls of fear
 G - a scroll of magic mapping
 K - a scroll of poison
 P - 2 scrolls of summoning
Potions
 d - 4 potions of might
 h - 5 potions of haste
 k - a potion of berserk rage {unknown}
 l - 2 potions of cancellation
 n - a potion of resistance
 q - 5 potions of curing
 w - 6 potions of heal wounds
 y - a potion of invisibility {unknown}
 C - a potion of magic {unknown}
 E - a potion of brilliance
 H - 3 potions of attraction
 L - 2 potions of mutation
 M - a potion of flight


   Skills:
 + Level 14.4 Fighting
 + Level 13.6 Axes
 * Level 8.4 Throwing
 + Level 14.5 Armour
 + Level 11.8 Shields
   Level 0.0 Evocations


You had 13 spell levels left.
You didn't know any spells.
Your spell library contained the following spells:

 Spells                   Type           Power      Damage    Failure   Level
 Cigotuvi's Dreadful Rot  Necr/Pois/Air  0%         N/A       100%        2
 Static Discharge         Conj/Air       0%         2-2/arc   100%        2
 Sublimation of Blood     Necr           0%         N/A       100%        2
 Wereblood                Tmut           0%         N/A       100%        2
 Ignite Poison            Fire/Tmut/Pois 0%         N/A       100%        3
 Airstrike                Air            0%         2d(0-16)  100%        4
 Summon Lightning Spire   Summ/Air       0%         N/A       100%        4
 Freezing Cloud           Conj/Ice/Air   0%         6-21      100%        5
 Summon Hydra             Summ           0%         N/A       100%        7


Dungeon Overview and Level Annotations

Branches:
Dungeon (15/15) Zot: 26178  Temple (1/1) D:7 Zot: 5939    Lair (5/5) D:8 Zot: 25285
 Shoals (0/4) Lair:3       Spider (0/4) Lair:2        Slime (0/5) Lair:5
    Orc (0/2) D:10         Vaults (0/5) D:14         Depths (0/4) D:15

Altars:
Ashenzari
Cheibriados
Dithmenos
Elyvilon
Fedhas
Kikubaaqudgha
Makhleb
Nemelex Xobeh
Qazlal
Ru
Sif Muna
Trog
Uskayaw
Vehumet
Wu Jian
Xom
The Shining One

Annotations:
D:6 2 transporters, diceflayer's ghost, novice DsHu
D:10 exclusion: downstairs
Lair:3 2 transporters, exclusion: oklob plant, discopopstar's ghost, journeyman DsHu
Lair:4 3 runed translucent doors, Ceyroiss's ghost, journeyman HuWn; Lodigg's ghost, journeyman FoFi; Suckerboh's ghost, journeyman MiMo; dakkaduck's ghost, journeyman MiBe


Innate Abilities, Weirdness & Mutations

You have a pair of horns on your head.
You sometimes lose the ability to drink potions when taking damage.
You cannot study or use magical devices.
You cannot train Dodging skill.
You are somewhat unskilled. (-1 Apt)
You reflexively headbutt those who attack you in melee.


Message History

You hit the slime creature. You freeze the slime creature.
The slime creature hits you but does no damage.
You block the slime creature's attack.
You slice the slime creature!! You freeze the slime creature!
You kill the slime creature!
You slice the slime creature!! You freeze the slime creature!
The slime creature hits you but does no damage.
You slice the slime creature!! You freeze the slime creature.
The slime creature is almost dead.
The slime creature hits you but does no damage.
You hit the slime creature but do no damage.
The slime creature is almost dead.
The slime creature hits you but does no damage.
You hit the slime creature. You freeze the slime creature.
You kill the slime creature!
No target in view!
No target in view!
No target in view!
z - 5 scrolls of blinking (gained 1)
A steelbarb worm comes into view.
A steelbarb worm is nearby!
A steelbarb worm is nearby!
The steelbarb worm hits you but does no damage.
You slash the steelbarb worm! You freeze the steelbarb worm.
You headbutt the steelbarb worm!
The steelbarb worm is moderately wounded.
The steelbarb worm hits you!
Barbed spikes become lodged in your body.
You slash the steelbarb worm! You freeze the steelbarb worm.
You headbutt the steelbarb worm!
The steelbarb worm is heavily wounded.
You block the steelbarb worm's attack.
You barely miss the steelbarb worm. You headbutt the steelbarb worm.
The steelbarb worm is severely wounded.
You block the steelbarb worm's attack.
The steelbarb worm hits you but does no damage.
You barely miss the steelbarb worm.
The steelbarb worm is severely wounded.
You block the steelbarb worm's attack.
You slash the steelbarb worm! You freeze the steelbarb worm.
The steelbarb worm is almost dead.
You block the steelbarb worm's attack.
You hit the steelbarb worm. You freeze the steelbarb worm.
You headbutt the steelbarb worm.
You kill the steelbarb worm!
The steelbarb worm's shape twists and changes as it dies.
You carefully extract the barbed spikes from your body.
No target in view!
No target in view!
No target in view!
You see here 3 poisoned darts.
A rakshasa comes into view. It is wielding a +2 whip of flaming.
A rakshasa is nearby!
A rakshasa is nearby!
The rakshasa gestures at you.
The lance of force hits you but does no damage.
You completely miss the rakshasa.
You redirect the rakshasa's attack!
The rakshasa hits you but does no damage.
You closely miss the rakshasa.
You headbutt the rakshasa, but do no damage.
The rakshasa gestures at you.
The lance of force hits you but does no damage.
You slash the rakshasa! You freeze the rakshasa!
The rakshasa is moderately wounded.
The rakshasa hits you but does no damage.
You slash the rakshasa! You freeze the rakshasa. You headbutt the rakshasa!
The rakshasa is severely wounded.
The injured rakshasa weaves a defensive illusion!
You block the rakshasa's attack.
You closely miss the rakshasa.
The rakshasa is severely wounded.
You closely miss the rakshasa. You hit the rakshasa but do no damage.
The rakshasa hits you but does no damage.
The rakshasa begins to attack, but is stunned by your conviction!
The rakshasa completely misses you.
You slice the rakshasa!! You freeze the rakshasa.
You kill the rakshasa!
The rakshasa shimmers and vanishes!
You hit the rakshasa. You freeze the rakshasa. You slice the rakshasa!!
You freeze the rakshasa.
You kill the rakshasa!
The rakshasa shimmers and vanishes!
No target in view!
No target in view!
No target in view!
No target in view!
No target in view!
Things that are here:
a +2 whip of flaming; a +0 robe Key pressed, stopping explore.
Key pressed, stopping explore.
Done exploring.
Done exploring.
No target in view!
Okay, then.
Okay, then.
Unknown command.
Okay, then.
Unknown command.
Are you sure you want to abandon this character and quit the game? (Confirm with "yes".)

##......................###
#.....#######............#
##..### ##............
#...## ##(.........##
#....### #...........#.
#......#####...........#.
#........##....##......##
#...##..................#
#..#####@.........###...#
#..#####.........###....#
#................###..###
##...............##..##
#.....##...........##
#...####..###......#
##...##...# ###....#
##...#..## ##...##
##}....## #....## #


There were no monsters in sight!

Vanquished Creatures
  Jorgrun (D:13)
  A dire elephant (D:15)
  Snorg (D:12)
  Josephine (D:13)
  A fire dragon (Lair:5)
  An entropy weaver (shapeshifter) (D:13)
  A rakshasa (D:15)
  A vault guard (D:14)
  2 hydras
  A catoblepas (Lair:5)
  6 boulder beetles
  6 centaur warriors
  2 tengu warriors (D:13)
  3 two-headed ogres
  2 skysharks
  3 skeletal warriors (D:12)
  Amaemon (D:9)
  An orb spider (shapeshifter) (D:15)
  A swamp dragon (Lair:5)
  A steelbarb worm (shapeshifter) (D:15)
  A necromancer (Lair:3)
  2 deep elf pyromancers
  A wolf spider (D:15)
  2 ugly things
  8 cyclopes
  3 elephants (Lair:5)
  A gargoyle (D:12)
  An unseen horror (D:12)
  A torpor snail (Lair:1)
  5 black mambas
  Maggie (D:9)
  13 cane toads
  2 rime drakes (Lair:5)
  2 kobold demonologists
  An orange demon (D:9)
  10 komodo dragons
  A freezing wraith (D:14)
  5 polar bears
  3 trolls
  17 blink frogs
  6 slime creatures (D:15)
  3 wyverns
  Sigmund (D:4)
  2 vampires
  8 wraiths
  5 basilisks
  3 steam dragons (Lair:5)
  27 yaks
  5 vampire mosquitoes
  4 acid dragons
  An acid dragon (shapeshifter) (D:13)
  16 water moccasins
  An ice beast (D:7)
  5 black bears (Lair:2)
  2 swamp drakes (Lair:5)
  4 orc warriors
  4 sky beasts
  2 elephant zombies (Lair:3)
  8 centaurs
  4 ogres
  A phantom (D:5)
  13 kobold brigands
  7 bullfrogs
  A komodo dragon zombie (Lair:3)
  2 scorpions
  8 wights
  15 killer bees
  2 electric eels (Lair:3)
  8 howler monkeys
  A hound (D:5)
  2 gnoll boudas
  A basilisk zombie (Lair:3)
  2 orc priests
  A sleepcap (D:5)
  5 iguanas
  8 orc wizards
  13 gnolls
  6 adders
  3 worms
  4 dart slugs
  30 orcs
  5 ball pythons
  3 endoplasms
  A giant cockroach (D:1)
  11 goblins
  9 hobgoblins
  7 jackals
  22 kobolds
  A quokka (D:3)
  4 bats
  4 frilled lizards
  3 rats
431 creatures vanquished.

Vanquished Creatures (others)
  A two-headed ogre (D:11)
  5 dream sheep (D:10)
  A wight (D:8)
  19 fungi
  40 plants
  2 withered plants (Lair:4)
68 creatures vanquished.

Grand Total: 499 creatures vanquished

Notes
Turn   | Place    | Note
-------+----------+-------------------------------------------
     0 | D:1      | Flugkiller the Minotaur Fighter began the quest for the
                  | Orb.
     0 | D:1      | Reached XP level 1. HP: 19/19 MP: 0/0
    60 | D:1      | Reached XP level 2. HP: 27/27 MP: 1/1
   409 | D:1      | Reached XP level 3. HP: 33/33 MP: 2/2
   795 | D:2      | Reached XP level 4. HP: 26/41 MP: 3/3
   898 | D:2      | Identified the staff of earth "Cyc Alul" {Drain rPois rN+}
  1474 | D:3      | Reached XP level 5. HP: 30/47 MP: 4/4
  1637 | D:3      | Reached skill level 5 in Armour
  1651 | D:4      | Reached skill level 5 in Fighting
  1696 | D:4      | Noticed Sigmund
  1715 | D:4      | Killed Sigmund
  1716 | D:4      | Reached XP level 6. HP: 37/56 MP: 5/5
  2020 | D:4      | HP: 1/56 [ogre/+0 giant club (28)]
  2425 | D:4      | Reached skill level 5 in Axes
  2582 | D:4      | Reached skill level 5 in Shields
  2582 | D:4      | Reached XP level 7. HP: 36/62 MP: 6/6
  2949 | D:5      | Entered Level 5 of the Dungeon
  3448 | D:5      | Found the +7 Throatcutter {drain, coup de grace}
  3458 | D:5      | Reached XP level 8. HP: 49/71 MP: 7/7
  3633 | D:5      | Found a glowing golden altar of the Shining One.
  3772 | D:5      | Reached skill level 1 in Evocations
  4311 | D:5      | Found a white marble altar of Elyvilon.
  4878 | D:5      | HP: 3/74 [gnoll bouda/+0 whip of venom (8)]
  5220 | D:6      | Reached XP level 9. HP: 77/81 MP: 8/8
  5309 | D:6      | Found a broken altar of Ashenzari.
  5608 | D:6      | Found a transporter.
  5608 | D:6      | Found a transporter.
  5812 | D:6      | Noticed diceflayer's ghost (novice DsHu)
  6178 | D:7      | Found a stormy altar of Qazlal.
  6183 | D:7      | Found a sparkling altar of Nemelex Xobeh.
  6225 | D:7      | Found a staircase to the Ecumenical Temple.
  6398 | Temple   | Entered the Ecumenical Temple
  6435 | Temple   | Became a worshipper of Ru the Awakened
  7563 | D:8      | Reached XP level 10. HP: 88/93 MP: 9/9
  7655 | D:8      | Reached skill level 10 in Armour
  7846 | D:7      | Reached skill level 10 in Fighting
  8286 | D:8      | Found a staircase to the Lair.
  8409 | D:8      | Found a burning altar of Makhleb.
  8409 | D:8      | Noticed a balrug
  8445 | D:8      | Found a shadowy altar of Dithmenos.
  8494 | D:8      | Gained mutation: You cannot study or use magical devices.
                  | [Ru sacrifice]
  8494 | D:8      | Reached * piety under Ru
  8494 | D:8      | Reached ** piety under Ru
  8552 | D:8      | Found a bloodstained altar of Trog.
  8739 | D:9      | Noticed Maggie
  8758 | D:9      | Killed Maggie
  9116 | D:9      | Noticed Amaemon
  9120 | D:9      | Noticed an orange demon
  9125 | D:9      | Killed Amaemon
  9305 | D:9      | Killed an orange demon
  9349 | D:9      | Noticed a cyclops
  9357 | D:9      | Killed a cyclops
  9676 | D:10     | Entered Level 10 of the Dungeon
  9793 | D:10     | Reached skill level 10 in Axes
  9891 | D:10     | Noticed a smoke demon
  9897 | D:10     | Reached XP level 11. HP: 75/102 MP: 10/10
  9990 | D:10     | Found a hide-covered altar of Uskayaw.
 10047 | D:10     | Found a radiant altar of Vehumet.
 10125 | D:10     | Found a staircase to the Orcish Mines.
 10421 | D:10     | Found a shimmering altar of Xom.
 10921 | D:11     | Noticed a two-headed ogre
 10925 | D:11     | Killed a two-headed ogre
 10988 | D:11     | Gained mutation: You occasionally lose the ability to drink
                  | potions when taking damage. [Ru sacrifice]
 10988 | D:11     | Gained mutation: You sometimes lose the ability to drink
                  | potions when taking damage. [Ru sacrifice]
 10988 | D:11     | Reached *** piety under Ru
 11626 | D:12     | Noticed Snorg
 11630 | D:12     | Noticed a two-headed ogre
 11635 | D:12     | Killed Snorg
 11641 | D:12     | Killed a two-headed ogre
 11993 | D:12     | Noticed a skeletal warrior
 12022 | D:12     | Noticed a two-headed ogre
 12024 | D:12     | Noticed a skeletal warrior
 12026 | D:12     | Noticed a skeletal warrior
 12029 | D:12     | Killed a two-headed ogre
 12261 | D:12     | Killed a skeletal warrior
 12318 | D:12     | Reached XP level 12. HP: 108/110 MP: 11/11
 12853 | D:12     | Identified the +0 ring mail of Daroaje {rC+ Int+2}
 13051 | D:13     | Noticed Josephine
 13063 | D:13     | Noticed an entropy weaver
 13073 | D:13     | Killed Josephine
 13074 | D:13     | Reached skill level 10 in Shields
 13094 | D:13     | Killed an entropy weaver
 13348 | D:13     | Noticed a seven-headed hydra
 13461 | Lair:1   | Entered Level 1 of the Lair of Beasts
 13800 | Lair:1   | Reached skill level 1 in Throwing
 14085 | Lair:1   | Noticed a boulder beetle
 14098 | Lair:1   | Killed a boulder beetle
 14580 | Lair:2   | Gained mutation: You cannot train Dodging skill. [Ru
                  | sacrifice]
 14580 | Lair:2   | Reached **** piety under Ru
 14580 | Lair:2   | Reached ***** piety under Ru
 14875 | Lair:2   | Reached XP level 13. HP: 95/124 MP: 12/12
 14895 | Lair:2   | Found a hole to the Spider Nest.
 15181 | Lair:3   | Found a transporter.
 15194 | Lair:3   | Noticed discopopstar's ghost (journeyman DsHu)
 15249 | Lair:3   | Identified the +4 ring mail of Too Many Cooks {Fly rF++
                  | Will- SInv}
 15618 | Lair:3   | Identified the ring "Gasumad" {Contam rCorr Str+6 Slay+2}
 15852 | Lair:3   | Found a transporter.
 15907 | Lair:3   | Found a staircase to the Shoals.
 16049 | Lair:4   | Found a runed translucent gate.
 16050 | Lair:4   | Found a runed translucent gate.
 16051 | Lair:4   | Found a runed translucent gate.
 16053 | Lair:4   | Noticed dakkaduck's ghost (journeyman MiBe)
 16053 | Lair:4   | Noticed Lodigg's ghost (journeyman FoFi)
 16053 | Lair:4   | Noticed Ceyroiss's ghost (journeyman HuWn)
 16053 | Lair:4   | Noticed Suckerboh's ghost (journeyman MiMo)
 16216 | Lair:4   | Reached skill level 5 in Throwing
 16985 | Lair:5   | Entered Level 5 of the Lair of Beasts
 17001 | Lair:5   | Found a staircase to the Slime Pits.
 17302 | Lair:5   | Reached skill level 15 in Armour
 17319 | Lair:5   | Reached skill level 15 in Fighting
 17952 | Lair:5   | Noticed a fire dragon
 17963 | Lair:5   | Killed a fire dragon
 17964 | Lair:5   | Reached XP level 14. HP: 106/118 MP: 13/13
 18470 | D:13     | Noticed Jorgrun
 18483 | D:13     | Killed Jorgrun
 18838 | D:13     | Found an ancient bone altar of Kikubaaqudgha.
 19359 | D:14     | Gained mutation: You are somewhat unskilled. (-1 Apt) [Ru
                  | sacrifice]
 19382 | D:14     | Found a gate to the Vaults.
 19712 | D:15     | Entered Level 15 of the Dungeon
 19716 | D:15     | Found a blossoming altar of Fedhas.
 20072 | D:15     | Found a staircase to the Depths.
 20540 | D:15     | Quit the game

Illustrated notes

Levels and vault maps discovered:
D:1:      grunt_arrival_lava_bath, layout_loops_ring
D:2:      layout_rooms
D:3:      layout_basic
D:4:      layout_cave_pools, grunt_decor_clamped, uniq_sigmund
D:5:      layout_basic, nicolae_elyvilon_temple_path,
          mainiacjoe_overflow_brackets, serial_co_window_serial,
          co_window_corner_a, co_window_corner_a, co_window_cross_1,
          co_window_corner_a, co_window_paths_a, co_window_unsneaky_path_d,
          co_window_corner_b, co_window_broadway_b,
          dilly_guarded_unrand_throatcut
D:6:      layout_basic, mainiacjoe_overflow_24_doors,
          gammafunk_ghost_gnarly_gnolls, hellmonk_bongcloud_opening
D:7:      layout_basic, grunt_temple_overflow_open,
          minmay_temple_entry_drinking_statues
D:8:      layout_rooms, nicolae_dithmenos_shadow_blocks,
          makhleb_altar_promises_db, lightli_temple_of_fire, lair_entry_dummy,
          nicolae_concentric_dashed_squares_wild
D:9:      layout_basic, serial_park_tiny_pond, uniq_amaemon, uniq_maggie
D:10:     layout_roguey, mainiacjoe_overflow_catwalk, kennysheep_mini,
          kb_xom_exploding_sheep
D:11:     layout_loops_cross
D:12:     layout_basic, uniq_snorg
D:13:     layout_loops_ring, hangedman_decor_diamond_cutter,
          kiku_gazebo_pond_becter, uniq_jorgrun, uniq_josephine
D:14:     layout_roguey, david_vaults_5, serial_rivers,
          chequers_serial_rivers_small_3, chequers_serial_rivers_small_b,
          chequers_serial_rivers_small_b, chequers_serial_rivers_small_b,
          chequers_serial_rivers_micro_a, lemuel_flamethrower_3
D:15:     hangedman_depths_entry_try_elsewhere_first, layout_layer_cave,
          fedhas_altar_3
Temple:   bh_familiar_temple
Lair:1:   layout_loops_ring, chequers_serial_rivers_large_a,
          nzn_sisyphean_effort
Lair:2:   layout_gridlike, spider_nest_entry_web_field, beast_lair_carwin_5
Lair:3:   pond_and_an_island_with_a_cottage, layout_long_grid,
          shoals_dummy_entry, nzn_ghost_randoct
Lair:4:   layout_cave_pods, gammafunk_ghost_cemetery
Lair:5:   guppyfry_lair_end_dragon, layout_gridlike, slime_entry_1,
          serial_bayou_shore_b

Skill      XL: |  1  2  3  4  5  6  7  8  9 10 11 12 13 14 |
---------------+-------------------------------------------+-----
Armour         | 4 5 6 7 8 9 11 13 14 15 14 | 14.5
Fighting       | 4 5 6 8 9 11 12 14 15 14 | 14.4
Axes           | 3 4 5 6 7 8 10 11 13 14 13 | 13.6
Shields        | 4 5 6 7 8 9 10 12 11 | 11.8
Evocations     | 1 3 0 |  0.0
Throwing       | 3 7 8 |  8.4

Action                     |  1- 3 |  4- 6 |  7- 9 | 10-12 | 13-15 || total
---------------------------+-------+-------+-------+-------+-------++-------
  Melee: War axe           |    63 |   105 |   270 |   576 |   445 ||  1459
         Headbutt          |    11 |    16 |    42 |   107 |   118 ||   294
         Long sword        |       |       |    16 |       |       ||    16
         Unarmed           |       |       |     7 |       |       ||     7
  Throw: Dart              |       |       |       |     9 |     1 ||    10
         Boomerang         |       |       |       |       |     4 ||     4
 Invoke: Sacrifice Artific |       |       |       |     1 |       ||     1
         Draw Out Power    |       |       |       |     5 |     2 ||     7
         Sacrifice Drink   |       |       |       |     1 |       ||     1
         Sacrifice Nimblen |       |       |       |     1 |       ||     1
         Apocalypse        |       |       |       |       |     3 ||     3
         Reject Sacrifices |       |       |       |       |     1 ||     1
         Sacrifice Skill   |       |       |       |       |     1 ||     1
  Evoke: Wand              |       |       |     4 |     2 |       ||     6
    Use: Scroll            |     1 |     4 |     9 |     7 |     5 ||    26
         Potion            |       |     1 |     7 |     2 |     1 ||    11
   Stab: Invisible         |       |       |       |     1 |     2 ||     3
         Paralysed         |       |       |       |       |     1 ||     1
         Distracted        |       |       |       |       |     2 ||     2
         Petrifying        |       |       |       |       |     1 ||     1
 Armour: Scale mail        |    31 |    27 |    14 |       |       ||    72
         Crystal plate arm |       |       |   210 |   302 |   214 ||   726
         Skin              |       |       |    27 |       |       ||    27
  Dodge: Dodged            |    33 |    28 |    60 |    78 |    56 ||   255
  Block: Buckler           |     5 |       |       |       |       ||     5
         Kite shield       |    15 |    44 |   208 |   277 |   174 ||   718
         Reflection        |       |       |       |       |    13 ||    13
